[Event "ICC tourney 2246 (120 10)"]
[Site "Internet Chess Club"]
[Date "2020.12.26"]
[Round "2"]
[White "auggie29"]
[Black "Chessssssser"]
[Result "1-0"]
[ICCResult "Black resigns"]
[WhiteElo "1095"]
[BlackElo "1239"]
[Opening "Queen's pawn"]
[ECO "A40"]
[NIC "QO.17"]
[Time "17:16:51"]
[PlyCount "35"]
[TimeControl "7200+10"]

1. d4 e6 2. Bf4 d5 3. Nf3 Bd6 4. Bg3 Nf6 5. e3 O-O 6. Bd3 c5 7. c3 Nc6 8.
Nbd2 Re8 9. O-O Bxg3 10. hxg3 e5 11. dxe5 Nxe5 12. Nxe5 Rxe5 13. Re1 Qd6
14. e4 dxe4 15. Nc4 Qe6 16. Nxe5 Qxe5 17. Bxe4 Nxe4 18. Qd8+ { Black
resigns } 1-0

[Event "ICC tourney 2246 (120 10)"]
[Site "Internet Chess Club"]
[Date "2020.12.26"]
[Round "2"]
[White "buptwy"]
[Black "DanielHan"]
[Result "1-0"]
[ICCResult "Black checkmated"]
[WhiteElo "830"]
[BlackElo "157"]
[Opening "Ruy Lopez: 5.O-O"]
[ECO "C78"]
[NIC "RL.12"]
[Time "17:16:55"]
[PlyCount "61"]
[TimeControl "7200+10"]

1. e4 e5 2. Nf3 Nc6 3. Bb5 a6 4. Ba4 Nf6 5. O-O b5 6. Bb3 Bc5 7. a4 Rb8 8.
c3 d6 9. d4 Bb6 10. a5 Ba7 11. Bg5 O-O 12. Qc2 exd4 13. cxd4 h6 14. Be3 Ng4
15. Qd2 Nxe3 16. fxe3 Bg4 17. Nc3 b4 18. Nd5 Bxf3 19. Rxf3 Qe8 20. Qd3 Qe6
21. Nf6+ gxf6 22. Bxe6 fxe6 23. Rg3+ Kf7 24. Rf1 e5 25. dxe5 dxe5 26. Qd7+
Ne7 27. Rgf3 Kg8 28. Qxe7 Rf7 29. Rg3+ Kh8 30. Qxf7 Bc5 31. Qg7# { Black
checkmated } 1-0

[Event "ICC tourney 2246 (120 10)"]
[Site "Internet Chess Club"]
[Date "2020.12.26"]
[Round "2"]
[White "e4h5"]
[Black "Poorvi123"]
[Result "1-0"]
[ICCResult "Black checkmated"]
[WhiteElo "1239"]
[BlackElo "752"]
[Opening "Scotch gambit: Dubois-Réti defense"]
[ECO "C55"]
[NIC "KP.02"]
[Time "17:17:08"]
[PlyCount "39"]
[TimeControl "7200+10"]

1. e4 e5 2. Nf3 Nc6 3. Bc4 Nf6 4. d4 exd4 5. e5 Qe7 6. O-O Nxe5 7. Nxe5
Qxe5 8. Re1 Ne4 9. f3 f5 10. fxe4 Bd6 11. exf5 b5 12. Rxe5+ Bxe5 13. Qh5+
Ke7 14. Qf7+ Kd8 15. Bg5+ Bf6 16. Bxf6+ gxf6 17. Qxf6+ Ke8 18. Bf7+ Kf8 19.
Bg6+ Kg8 20. Qf7# { Black checkmated } 1-0

[Event "ICC tourney 2246 (120 10)"]
[Site "Internet Chess Club"]
[Date "2020.12.26"]
[Round "2"]
[White "Anichess2009"]
[Black "boxingguy2469x"]
[Result "0-1"]
[ICCResult "White resigns"]
[WhiteElo "812"]
[BlackElo "1048"]
[Opening "Ruy Lopez: exchange variation"]
[ECO "C68"]
[NIC "RL.08"]
[Time "17:16:57"]
[PlyCount "40"]
[TimeControl "7200+10"]

1. e4 e5 2. Nf3 Nc6 3. Bb5 a6 4. Bxc6 dxc6 5. Nxe5 Qg5 6. d4 Qxg2 7. Qf3
Qxf3 8. Nxf3 Bb4+ 9. Bd2 Be7 10. Rg1 g6 11. Bc3 c5 12. dxc5 f6 13. e5 Bf5
14. exf6 Bxf6 15. Bxf6 Nxf6 16. Nd4 O-O-O 17. Nxf5 gxf5 18. Nd2 Rhe8+ 19.
Kd1 Ne4 20. Re1 Nxf2+ { White resigns } 0-1

[Event "ICC tourney 2246 (120 10)"]
[Site "Internet Chess Club"]
[Date "2020.12.26"]
[Round "2"]
[White "Yadhunandan"]
[Black "thomasguchess"]
[Result "0-1"]
[ICCResult "White checkmated"]
[WhiteElo "891"]
[BlackElo "631"]
[Opening "Grünfeld with e3 & Bd3"]
[ECO "D94"]
[NIC "GI.09"]
[Time "17:16:51"]
[PlyCount "38"]
[TimeControl "7200+10"]

1. d4 Nf6 2. c4 g6 3. Nc3 d5 4. Nf3 Bg7 5. e3 O-O 6. Bd3 c5 7. cxd5 Nxd5 8.
Nxd5 Qxd5 9. O-O cxd4 10. exd4 Nc6 11. Qb3 Qd6 12. d5 Ne5 13. Nxe5 Bxe5 14.
g3 Bh3 15. Re1 Qf6 16. Qc2 Qf3 17. Bf1 Bxf1 18. Kxf1 Rac8 19. Qe2 Qh1# {
White checkmated } 0-1

[Event "ICC tourney 2246 (120 10)"]
[Site "Internet Chess Club"]
[Date "2020.12.26"]
[Round "2"]
[White "Agabus"]
[Black "jhong3"]
[Result "0-1"]
[ICCResult "White resigns"]
[WhiteElo "1145"]
[BlackElo "934"]
[Opening "Pirc defense"]
[ECO "B07"]
[NIC "PU.08"]
[Time "17:17:10"]
[PlyCount "52"]
[TimeControl "7200+10"]

1. d4 d6 2. e4 Nf6 3. Bg5 Nxe4 4. Nf3 Nxg5 5. Nxg5 e5 6. Ne4 exd4 7. Qxd4
Nc6 8. Bb5 Bd7 9. Bxc6 Bxc6 10. Nbc3 Qe7 11. O-O-O O-O-O 12. f3 b6 13. Kb1
d5 14. Ng3 Rg8 15. Rhe1 Qc5 16. Qg4+ Bd7 17. Qh5 Bd6 18. Rxd5 Qf2 19. Re2
Qg1+ 20. Rd1 Qc5 21. Qxf7 Rde8 22. Nce4 Qb5 23. Nxd6+ cxd6 24. Rxe8+ Rxe8
25. Qxg7 Qd5 26. Rxd5 Re1+ { White resigns } 0-1

[Event "ICC tourney 2246 (120 10)"]
[Site "Internet Chess Club"]
[Date "2020.12.26"]
[Round "2"]
[White "King230"]
[Black "mukeshietk"]
[Result "1-0"]
[ICCResult "Black checkmated"]
[WhiteElo "1060"]
[BlackElo "100"]
[Opening "Scandinavian (center counter) defense"]
[ECO "B01"]
[NIC "VO.17"]
[Time "17:16:53"]
[PlyCount "99"]
[TimeControl "7200+10"]

1. e4 d5 2. e5 e6 3. Nf3 Bd6 4. d4 Bb4+ 5. c3 Be7 6. c4 Bb4+ 7. Bd2 Bxd2+
8. Nbxd2 dxc4 9. Bxc4 Bd7 10. Qb3 Nc6 11. d5 Na5 12. Qb4 Nxc4 13. Qxc4 exd5
14. Qxd5 Bc6 15. Qc5 Qe7 16. Qxe7+ Nxe7 17. O-O O-O-O 18. Rad1 Bb5 19. Rfe1
Ba4 20. b3 Bc6 21. Ng5 Rhf8 22. Nxh7 Rh8 23. Ng5 f6 24. Nf7 fxe5 25. Nxh8
Rxh8 26. Rxe5 Ng6 27. Rg5 Be8 28. h3 b6 29. Re1 Bf7 30. Nf3 Rg8 31. Ne5
Nxe5 32. Rgxe5 Re8 33. Rxe8+ Bxe8 34. Rxe8+ Kb7 35. Re7 a6 36. Rxg7 a5 37.
Rg4 b5 38. h4 a4 39. bxa4 c5 40. axb5 Kb6 41. h5 Kxb5 42. h6 c4 43. h7 c3
44. h8=Q c2 45. Qc8 c1=Q+ 46. Qxc1 Kb6 47. Rg3 Kb7 48. Qc4 Kb6 49. Rb3+ Ka7
50. Qa4# { Black checkmated } 1-0

[Event "ICC tourney 2246 (120 10)"]
[Site "Internet Chess Club"]
[Date "2020.12.26"]
[Round "2"]
[White "leonlunachen"]
[Black "Pip04"]
[Result "1-0"]
[ICCResult "Black resigns"]
[WhiteElo "749"]
[BlackElo "1259"]
[Opening "Caro-Kann: Panov-Botvinnik attack"]
[ECO "B13"]
[NIC "QP.08"]
[Time "17:17:19"]
[PlyCount "31"]
[TimeControl "7200+10"]

1. d4 d5 2. c4 c5 3. e3 cxd4 4. exd4 Nf6 5. Nf3 Bg4 6. h3 Bh5 7. Be2 dxc4
8. Bxc4 Nc6 9. d5 Na5 10. Bb5+ Nd7 11. b4 a6 12. Bxd7+ Qxd7 13. bxa5 Qb5
14. Nc3 Qc4 15. Qa4+ Kd8 16. Qxc4 { Black resigns } 1-0

[Event "ICC tourney 2246 (120 10)"]
[Site "Internet Chess Club"]
[Date "2020.12.26"]
[Round "2"]
[White "oliver-kc"]
[Black "steeljc"]
[Result "1-0"]
[ICCResult "Black checkmated"]
[WhiteElo "794"]
[BlackElo "964"]
[Opening "QGD: 3...Nf6"]
[ECO "D35"]
[NIC "QO.16"]
[Time "17:17:13"]
[PlyCount "61"]
[TimeControl "7200+10"]

1. d4 d5 2. c4 e6 3. Nc3 Nf6 4. e3 Bb4 5. Qc2 c5 6. Nf3 Ne4 7. Bd3 cxd4 8.
exd4 Nc6 9. Be3 O-O 10. O-O Nxc3 11. bxc3 dxc4 12. Bxh7+ Kh8 13. cxb4 Nxb4
14. Qxc4 Kxh7 15. Qxb4 f6 16. Rad1 a5 17. Qc4 Rb8 18. d5 b5 19. Qh4+ Kg8
20. dxe6 Qe7 21. Ne5 Bxe6 22. Ng6 Qe8 23. Nxf8 Qxf8 24. Rfe1 Bxa2 25. Bf4
g5 26. Qg4 Re8 27. Bxg5 Rxe1+ 28. Rxe1 Kf7 29. Qh5+ Kg8 30. Qg6+ Qg7 31.
Re8# { Black checkmated } 1-0

[Event "ICC tourney 2246 (120 10)"]
[Site "Internet Chess Club"]
[Date "2020.12.26"]
[Round "2"]
[White "Deanmoon32"]
[Black "thanhcaptures"]
[Result "0-1"]
[ICCResult "White checkmated"]
[WhiteElo "974"]
[BlackElo "1197"]
[Opening "QGD Slav: 3.Nf3"]
[ECO "D11"]
[NIC "SL.01"]
[Time "17:16:53"]
[PlyCount "78"]
[TimeControl "7200+10"]

1. d4 d5 2. c4 c6 3. Nf3 e6 4. Bf4 Nf6 5. Bg5 Be7 6. Bxf6 Bxf6 7. e3 O-O 8.
Bd3 c5 9. O-O cxd4 10. exd4 dxc4 11. Bxc4 Nc6 12. d5 exd5 13. Qxd5 Qxd5 14.
Bxd5 Bxb2 15. Nbd2 Bxa1 16. Rxa1 Bd7 17. Bxc6 Bxc6 18. Ne5 Rac8 19. h3 Bd5
20. Nb3 Bxb3 21. axb3 a6 22. Rb1 Rfe8 23. Nf3 Rc3 24. Ng5 Rec8 25. Kh2 Rc1
26. Rb2 R8c2 27. Rxc2 Rxc2 28. Ne4 Rb2 29. Nc5 b5 30. Nxa6 Rxb3 31. Nc7 Rb2
32. Kg3 b4 33. Na6 b3 34. Nc5 Rc2 35. Nxb3 Rc3+ 36. Kh4 Rxb3 37. g4 h6 38.
f3 Rxf3 39. Kh5 Rxh3# { White checkmated } 0-1

[Event "ICC tourney 2246 (120 10)"]
[Site "Internet Chess Club"]
[Date "2020.12.26"]
[Round "2"]
[White "Shashank8"]
[Black "Karloschess"]
[Result "1-0"]
[ICCResult "Black checkmated"]
[WhiteElo "1188"]
[BlackElo "478"]
[Opening "Ruy Lopez (Spanish opening)"]
[ECO "C68"]
[NIC "RL.01"]
[Time "17:16:54"]
[PlyCount "77"]
[TimeControl "7200+10"]

1. e4 e5 2. Nf3 Nc6 3. Bb5 a6 4. Bc4 Nf6 5. Nc3 d6 6. O-O Be7 7. a3 O-O 8.
d3 Bg4 9. h3 Bd7 10. Nd5 Nxd5 11. Bxd5 Bg5 12. Bxg5 Ne7 13. Bxb7 Rb8 14.
Bxa6 h6 15. Be3 Ng6 16. Bc4 Qf6 17. a4 Be6 18. Bxe6 fxe6 19. a5 Nf4 20.
Bxf4 Qxf4 21. a6 Rf6 22. a7 Ra8 23. Qd2 Qxd2 24. Nxd2 Rg6 25. Nc4 Rf6 26.
Ra5 Rff8 27. Na3 Kh8 28. Nb5 c5 29. Nc7 Kh7 30. Nxa8 Rxa8 31. Rfa1 d5 32.
exd5 exd5 33. Rb5 d4 34. Rb8 Rxb8 35. axb8=Q h5 36. Ra7 Kh6 37. Qd6+ Kh7
38. Qf6 Kh8 39. Qxg7# { Black checkmated } 1-0

[Event "ICC tourney 2246 (120 10)"]
[Site "Internet Chess Club"]
[Date "2020.12.26"]
[Round "2"]
[White "ryan2007"]
[Black "Ldon22"]
[Result "0-1"]
[ICCResult "White resigns"]
[WhiteElo "1155"]
[BlackElo "953"]
[Opening "Sicilian defense"]
[ECO "B34"]
[NIC "SI.33"]
[Time "17:16:53"]
[PlyCount "92"]
[TimeControl "7200+10"]

1. e4 c5 2. Nf3 Nc6 3. d4 cxd4 4. Nxd4 g6 5. Be3 Bg7 6. Nc3 Nf6 7. Bd3 O-O
8. O-O d5 9. exd5 Nxd5 10. Nde2 Nxe3 11. fxe3 Qb6 12. Nd5 Qxb2 13. Rb1 Qxa2
14. Ndc3 Qe6 15. Nf4 Qxe3+ 16. Kh1 Bxc3 17. Nd5 Qe5 18. Nf4 Qd6 19. Qe2 Be5
20. g3 Nd4 21. Qf2 Qc6+ 22. Ng2 Bh3 23. Rg1 Nf3 24. Rgd1 Bd4 25. Qe2 Bxg2+
26. Qxg2 Ng5 27. Rxb7 Qxg2+ 28. Kxg2 Bf6 29. h4 Ne6 30. Rh1 a5 31. Be4 Rab8
32. Ra7 Rb5 33. Bc6 Rc5 34. Be4 Nd4 35. Rc1 Rfc8 36. Kf2 Nxc2 37. Bxc2
Rxc2+ 38. Rxc2 Rxc2+ 39. Kf3 Ra2 40. Ke3 a4 41. Kf4 a3 42. Kg4 h5+ 43. Kh3
Ra1 44. g4 a2 45. Ra8+ Kg7 46. g5 Rh1+ { White resigns } 0-1

[Event "ICC tourney 2246 (120 10)"]
[Site "Internet Chess Club"]
[Date "2020.12.26"]
[Round "2"]
[White "RubyD"]
[Black "ltristam"]
[Result "0-1"]
[ICCResult "White checkmated"]
[WhiteElo "1122"]
[BlackElo "1297"]
[Opening "Sicilian defense"]
[ECO "B30"]
[NIC "SI.31"]
[Time "17:17:04"]
[PlyCount "80"]
[TimeControl "7200+10"]

1. e4 c5 2. Nf3 Nc6 3. c3 e5 4. Bc4 Nf6 5. d3 Be7 6. Be3 d5 7. exd5 Nxd5 8.
Bxd5 Qxd5 9. O-O Bg4 10. c4 Qd7 11. h3 Bxf3 12. Qxf3 Qxd3 13. Nc3 O-O 14.
Nd5 Bd6 15. Qg4 f5 16. Qh4 f4 17. Rfe1 fxe3 18. Rxe3 Qd4 19. Qxd4 cxd4 20.
Re2 Nb4 21. Nxb4 Bxb4 22. Rxe5 Rae8 23. Rb5 a5 24. Rxb7 d3 25. Rxb4 axb4
26. Rd1 Re2 27. Rxd3 Rfxf2 28. Rb3 Rxg2+ 29. Kf1 Rxb2 30. c5 Rxb3 31. axb3
Rc2 32. Kg1 Rxc5 33. Kh2 Rc3 34. Kg2 Rxb3 35. Kh2 Ra3 36. Kg2 b3 37. Kh2 b2
38. Kg2 b1=Q 39. Kh2 Qb2+ 40. Kh1 Ra1# { White checkmated } 0-1

[Event "ICC tourney 2246 (120 10)"]
[Site "Internet Chess Club"]
[Date "2020.12.26"]
[Round "2"]
[White "Aakash28"]
[Black "baldwinsthename"]
[Result "1/2-1/2"]
[ICCResult "Game drawn because neither player has mating material"]
[WhiteElo "1067"]
[BlackElo "1215"]
[Opening "Benko's opening"]
[ECO "A00"]
[NIC "VO.09"]
[Time "17:17:10"]
[PlyCount "109"]
[TimeControl "7200+10"]

1. g3 Nc6 2. Bg2 d6 3. d4 Bd7 4. Nf3 Nf6 5. Nc3 Qc8 6. O-O h5 7. Bg5 Bh3 8.
Bxf6 exf6 9. d5 Ne5 10. e3 Nxf3+ 11. Qxf3 h4 12. a4 a6 13. Ne2 Bxg2 14.
Kxg2 hxg3 15. fxg3 Qh3+ 16. Kf2 Be7 17. Rh1 Rh5 18. c4 Rf5 19. Nf4 Qh7 20.
e4 Re5 21. h4 Qxe4 22. Qxe4 Rxe4 23. b3 O-O-O 24. Rae1 f5 25. Rxe4 fxe4 26.
Ke3 f5 27. Ng6 Bf6 28. Rf1 c5 29. dxc6 bxc6 30. Rxf5 Re8 31. b4 Kc7 32. g4
Rd8 33. g5 Bc3 34. Rf7+ Kb8 35. b5 axb5 36. axb5 cxb5 37. cxb5 d5 38. Ne7
Rh8 39. Nxd5 Bb2 40. Rf4 Bc1+ 41. Kxe4 Bxf4 42. Kxf4 Rxh4+ 43. Kf5 Rd4 44.
Nf4 Rb4 45. Kg6 Rxf4 46. Kxg7 Rf5 47. g6 Rxb5 48. Kh7 Rh5+ 49. Kg8 Kc7 50.
g7 Kd7 51. Kf7 Rf5+ 52. Kg6 Rf1 53. g8=Q Rg1+ 54. Kf7 Rxg8 55. Kxg8 { Game
drawn because neither player has mating material } 1/2-1/2

[Event "ICC tourney 2246 (120 10)"]
[Site "Internet Chess Club"]
[Date "2020.12.26"]
[Round "2"]
[White "EChessPlayer"]
[Black "ethanz1606"]
[Result "0-1"]
[ICCResult "White checkmated"]
[WhiteElo "1063"]
[BlackElo "1164"]
[Opening "Ruy Lopez: Alapin's defense"]
[ECO "C60"]
[NIC "RL.01"]
[Time "17:17:11"]
[PlyCount "62"]
[TimeControl "7200+10"]

1. e4 e5 2. Nf3 Nc6 3. Bb5 Bb4 4. a3 Ba5 5. b4 Bb6 6. O-O d6 7. d3 Nf6 8.
Bg5 O-O 9. Nc3 Bg4 10. h3 Bh5 11. Nd5 Nd4 12. c4 Bxf3 13. gxf3 c6 14. Nxf6+
gxf6 15. Bh4 cxb5 16. cxb5 Nxb5 17. Kh1 Bd4 18. Rc1 Nxa3 19. Qa4 Bb2 20.
Rcd1 a6 21. Rd2 Bc3 22. Ra2 Nb5 23. Rg1+ Kh8 24. Qa5 Qe7 25. Qb6 Qe6 26.
Kh2 h6 27. Qxb7 Rg8 28. Rxg8+ Rxg8 29. Rxa6 Nd4 30. Ra7 Nxf3+ 31. Kh1 Qxh3#
{ White checkmated } 0-1

[Event "ICC tourney 2246 (120 10)"]
[Site "Internet Chess Club"]
[Date "2020.12.26"]
[Round "2"]
[White "mohitmukkollu"]
[Black "johnzabraham"]
[Result "0-1"]
[ICCResult "White resigns"]
[WhiteElo "1225"]
[BlackElo "1120"]
[Opening "French: exchange variation"]
[ECO "C01"]
[NIC "FR.01"]
[Time "17:17:16"]
[PlyCount "62"]
[TimeControl "7200+10"]

1. e4 e6 2. d4 d5 3. exd5 exd5 4. c4 c6 5. Nc3 Nf6 6. Nf3 Bg4 7. cxd5 cxd5
8. Be2 Be7 9. O-O O-O 10. Bf4 Nc6 11. h3 Bh5 12. Rc1 Rc8 13. Re1 Re8 14.
Be3 a6 15. Qb3 b5 16. a4 b4 17. Na2 Na5 18. Qd3 Nc4 19. b3 Bg6 20. Qd1 Nxe3
21. fxe3 Qb6 22. Bd3 Bxd3 23. Qxd3 Ne4 24. Nd2 Bh4 25. Rf1 Nxd2 26. Qxd2
Bg5 27. Rfe1 Rxc1 28. Rxc1 Qh6 29. Qe2 Bxe3+ 30. Kh1 Qe6 31. Nxb4 Bxc1 {
White resigns } 0-1

[Event "ICC tourney 2246 (120 10)"]
[Site "Internet Chess Club"]
[Date "2020.12.26"]
[Round "2"]
[White "srinandasai12"]
[Black "Lucasmoon17"]
[Result "1-0"]
[ICCResult "Black checkmated"]
[WhiteElo "1228"]
[BlackElo "643"]
[Opening "Scotch opening"]
[ECO "C44"]
[NIC "KP.10"]
[Time "17:17:07"]
[PlyCount "57"]
[TimeControl "7200+10"]

1. e4 e5 2. Nf3 Nc6 3. d4 d6 4. dxe5 dxe5 5. Qxd8+ Nxd8 6. Nxe5 Bd6 7. Nf3
Nc6 8. Nc3 Nf6 9. Bc4 h6 10. O-O O-O 11. Re1 Bb4 12. Bd2 Bg4 13. a3 Bxc3
14. Bxc3 Bxf3 15. gxf3 Rfe8 16. Re3 Ne5 17. Bb3 Rad8 18. Kh1 Ng6 19. Rg1
Rd6 20. e5 Nd5 21. exd6 Nxe3 22. fxe3 cxd6 23. Bd4 a5 24. Rxg6 a4 25. Rxg7+
Kf8 26. Rxf7+ Kg8 27. Ba2 h5 28. Rxb7+ Kf8 29. Bg7# { Black checkmated }
1-0

[Event "ICC tourney 2246 (120 10)"]
[Site "Internet Chess Club"]
[Date "2020.12.26"]
[Round "2"]
[White "Pranavthepro"]
[Black "ChaosOrigin"]
[Result "0-1"]
[ICCResult "White resigns"]
[WhiteElo "1078"]
[BlackElo "1237"]
[Opening "Two knights defense (Modern bishop's opening)"]
[ECO "C55"]
[NIC "IG.01"]
[Time "17:17:08"]
[PlyCount "72"]
[TimeControl "7200+10"]

1. e4 e5 2. Nf3 Nc6 3. Bc4 Nf6 4. d3 h6 5. O-O Na5 6. Bb3 Nxb3 7. axb3 d6
8. Re1 Bg4 9. Be3 b6 10. h3 Be6 11. Nbd2 c5 12. c4 g5 13. Ra2 g4 14. hxg4
Bxg4 15. Qa1 a5 16. Qd1 h5 17. Bg5 Be7 18. Bh4 Kd7 19. Qc2 Qg8 20. Nh2 Qg7
21. f3 Be6 22. Ndf1 Rag8 23. Ne3 Nh7 24. Bxe7 Kxe7 25. Qf2 Ng5 26. Kf1 h4
27. Neg4 f5 28. Ne3 f4 29. Neg4 Bxg4 30. Nxg4 h3 31. Qg1 Qh7 32. gxh3 Nxf3
33. Qg2 Nxe1 34. Kxe1 Qh4+ 35. Kf1 f3 36. Qxf3 Rf8 { White resigns } 0-1

[Event "ICC tourney 2246 (120 10)"]
[Site "Internet Chess Club"]
[Date "2020.12.26"]
[Round "2"]
[White "Zohranvalliani"]
[Black "bryantan2010"]
[Result "0-1"]
[ICCResult "White checkmated"]
[WhiteElo "973"]
[BlackElo "1157"]
[Opening "QGD: exchange, positional line"]
[ECO "D35"]
[NIC "QO.16"]
[Time "17:16:52"]
[PlyCount "84"]
[TimeControl "7200+10"]

1. d4 d5 2. c4 e6 3. Nc3 Nf6 4. cxd5 exd5 5. Bg5 Bb4 6. a3 Bxc3+ 7. bxc3 c6
8. Qc2 Be6 9. f3 Nbd7 10. e4 dxe4 11. fxe4 Qc7 12. Nf3 O-O 13. Bd3 h6 14.
Bxf6 Nxf6 15. O-O Rfe8 16. c4 Rad8 17. d5 cxd5 18. cxd5 Qxc2 19. Bxc2 Bg4
20. Rae1 Bxf3 21. Rxf3 Nxd5 22. Bb3 Nf6 23. e5 Re7 24. Kf1 Ng4 25. e6 Nxh2+
26. Kf2 Nxf3 27. Kxf3 Rd3+ 28. Kf2 Rxb3 29. exf7+ Kxf7 30. Rf1 Re5 31. Kg1+
Kg6 32. Rd1 Re6 33. Rd4 h5 34. Kh2 Rxa3 35. Rd7 b5 36. Rb7 Rb6 37. Rd7 b4
38. Rd1 b3 39. Rb1 b2 40. g3 Ra1 41. Rxa1 bxa1=Q 42. Kh3 Qh1# { White
checkmated } 0-1

[Event "ICC tourney 2246 (120 10)"]
[Site "Internet Chess Club"]
[Date "2020.12.26"]
[Round "2"]
[White "PirateKing"]
[Black "avbhosale"]
[Result "1-0"]
[ICCResult "Black checkmated"]
[WhiteElo "866"]
[BlackElo "235"]
[Opening "Queen's pawn, Mason variation"]
[ECO "D00"]
[NIC "QP.08"]
[Time "17:16:50"]
[PlyCount "129"]
[TimeControl "7200+10"]

1. d4 d5 2. Bf4 Nc6 3. Nf3 Bf5 4. e3 Nf6 5. Bd3 e6 6. Bxf5 exf5 7. Nbd2 g6
8. h3 Bg7 9. c3 O-O 10. O-O Re8 11. Re1 Ne4 12. Nxe4 dxe4 13. Nd2 Qf6 14.
Bxc7 Rac8 15. Bg3 h5 16. f3 b5 17. fxe4 fxe4 18. Rf1 Qg5 19. Bf4 Qh4 20.
Bh2 Ne7 21. Rf4 Qg5 22. Nxe4 Qh6 23. Nd6 Rcd8 24. Nxf7 Qh7 25. Nxd8 Rxd8
26. Qb3+ Kh8 27. Raf1 Qh6 28. Re4 Nd5 29. Rf3 Nf6 30. Re6 Rf8 31. Bf4 Qh7
32. Bg5 Nd7 33. Rxf8+ Nxf8 34. Re7 Qg8 35. Qxg8+ Kxg8 36. b4 Nh7 37. Bf4
Kf8 38. Rxa7 Nf6 39. Be5 Ne8 40. Bxg7+ Nxg7 41. h4 Kg8 42. Ra6 Kh7 43. Ra5
Nf5 44. e4 Nxh4 45. Rxb5 Kh6 46. e5 Nf5 47. e6 Ng7 48. e7 Kh7 49. Rb8 g5
50. e8=Q Nxe8 51. Rxe8 g4 52. g3 h4 53. gxh4 Kg6 54. Re5 g3 55. Kg2 Kf6 56.
Kxg3 Kg6 57. b5 Kf6 58. b6 Kg6 59. b7 Kf6 60. b8=Q Kg6 61. Qg8+ Kf6 62.
Qe6+ Kg7 63. Rg5+ Kh7 64. Qf7+ Kh8 65. Qh5# { Black checkmated } 1-0

[Event "ICC tourney 2246 (120 10)"]
[Site "Internet Chess Club"]
[Date "2020.12.26"]
[Round "2"]
[White "joshebow"]
[Black "charlesshen"]
[Result "0-1"]
[ICCResult "White checkmated"]
[WhiteElo "673"]
[BlackElo "1125"]
[Opening "English: ultra-symmetrical variation"]
[ECO "A36"]
[NIC "EO.31"]
[Time "17:16:52"]
[PlyCount "138"]
[TimeControl "7200+10"]

1. c4 c5 2. Nc3 Nc6 3. g3 g6 4. Bg2 Bg7 5. d3 e6 6. e4 Nge7 7. Nge2 O-O 8.
O-O f5 9. exf5 Nxf5 10. Bf4 Nce7 11. g4 Nd4 12. Nxd4 Bxd4 13. Qd2 d5 14.
Nb5 Bg7 15. Rfe1 dxc4 16. Nd6 e5 17. Nxc8 Rxc8 18. Bxe5 Nc6 19. Bxg7 Kxg7
20. Qc3+ Qd4 21. Qxc4 Qxb2 22. Rab1 Qxf2+ 23. Kh1 b6 24. g5 Qd4 25. Bxc6
Qxc4 26. dxc4 Rxc6 27. Re7+ Rf7 28. Rxf7+ Kxf7 29. Rd1 Rc7 30. Rf1+ Ke6 31.
Rf6+ Ke5 32. Kg2 Re7 33. Kf3 Kd4 34. Rf4+ Kc3 35. Kg4 Rd7 36. h4 Rd4 37.
Kg3 Rxf4 38. Kxf4 Kd4 39. Kg4 Kxc4 40. h5 Kd4 41. Kf4 c4 42. hxg6 hxg6 43.
Kf3 c3 44. Ke2 Ke4 45. Kd1 Kd3 46. Kc1 c2 47. a3 Kc3 48. a4 Kb4 49. Kxc2
Kxa4 50. Kd3 Kb3 51. Kd4 a5 52. Ke5 a4 53. Kf6 a3 54. Kxg6 a2 55. Kh7 a1=Q
56. g6 Qh1+ 57. Kg8 Kc4 58. g7 b5 59. Kf7 Qf3+ 60. Kg6 Qg4+ 61. Kh7 Qh5+
62. Kg8 b4 63. Kf8 Qf5+ 64. Ke8 Qe6+ 65. Kf8 Qf6+ 66. Ke8 Qxg7 67. Kd8 Kd5
68. Kc8 Kc6 69. Kb8 Qb7# { White checkmated } 0-1

[Event "ICC tourney 2246 (120 10)"]
[Site "Internet Chess Club"]
[Date "2020.12.26"]
[Round "2"]
[White "DaveGriffin"]
[Black "joefiler"]
[Result "1-0"]
[ICCResult "Black checkmated"]
[WhiteElo "1124"]
[BlackElo "654"]
[Opening "Two knights defense"]
[ECO "C55"]
[NIC "IG.01"]
[Time "17:17:42"]
[PlyCount "57"]
[TimeControl "7200+10"]

1. e4 e5 2. Nf3 Nc6 3. Bc4 Nf6 4. d4 d5 5. dxe5 Bb4+ 6. c3 Ba5 7. exd5 Nxd5
8. Bxd5 Be6 9. Bxc6+ bxc6 10. Qa4 O-O 11. Qxa5 Rb8 12. O-O Rb5 13. Qxa7 Re8
14. Bg5 Qd5 15. b3 Ra5 16. Qxc7 Rc8 17. Qb6 h6 18. c4 Qd3 19. Qxa5 Qg6 20.
Be3 Bh3 21. g3 Qd3 22. Nbd2 g5 23. Rfe1 g4 24. Nh4 f5 25. exf6 Re8 26. Bxh6
Rxe1+ 27. Rxe1 Qd4 28. Qg5+ Kf7 29. Re7# { Black checkmated } 1-0

[Event "ICC tourney 2246 (120 10)"]
[Site "Internet Chess Club"]
[Date "2020.12.26"]
[Round "2"]
[White "jhong2"]
[Black "Rthur"]
[Result "1-0"]
[ICCResult "Black resigns"]
[WhiteElo "1256"]
[BlackElo "802"]
[Opening "English: symmetrical, Benoni formation"]
[ECO "A31"]
[NIC "QP.11"]
[Time "17:17:07"]
[PlyCount "57"]
[TimeControl "7200+10"]

1. Nf3 Nf6 2. c4 c5 3. d4 Qb6 4. Nc3 Nc6 5. d5 Nd4 6. Nxd4 cxd4 7. Nb5 Ne4
8. e3 dxe3 9. Bxe3 Qa5+ 10. Bd2 Nxd2 11. Qxd2 Qxd2+ 12. Kxd2 Kd8 13. Re1 d6
14. b4 a6 15. Nc3 g6 16. c5 dxc5 17. bxc5 e6 18. d6 Kd7 19. Ne4 Bg7 20. g4
Kc6 21. g5 b6 22. Bg2 Rb8 23. Rb1 b5 24. Rhc1 Kd7 25. c6+ Ke8 26. d7+ Bxd7
27. c7 Rb6 28. c8=Q+ Bxc8 29. Rxc8+ { Black resigns } 1-0

[Event "ICC tourney 2246 (120 10)"]
[Site "Internet Chess Club"]
[Date "2020.12.26"]
[Round "2"]
[White "standingwriter"]
[Black "pvegesana"]
[Result "0-1"]
[ICCResult "White checkmated"]
[WhiteElo "1050"]
[BlackElo "1227"]
[Opening "Sicilian defense"]
[ECO "B30"]
[NIC "SI.31"]
[Time "17:16:53"]
[PlyCount "96"]
[TimeControl "7200+10"]

1. e4 c5 2. Nf3 Nc6 3. c3 Nf6 4. e5 Nd5 5. Bc4 Nb6 6. Bb5 d6 7. exd6 exd6
8. O-O Be7 9. Re1 Bd7 10. Qe2 a6 11. Bxc6 Bxc6 12. Ng5 Nd5 13. Qh5 g6 14.
Qh6 Nf6 15. Qg7 Kd7 16. Nxf7 Rg8 17. Nxd8 Rxg7 18. Nxc6 bxc6 19. d3 Re8 20.
Bg5 Nd5 21. Bxe7 Rgxe7 22. Rxe7+ Rxe7 23. Nd2 Nf4 24. d4 cxd4 25. cxd4 Ne2+
26. Kf1 Nxd4 27. Rd1 c5 28. Nc4 Kc6 29. Re1 Rxe1+ 30. Kxe1 Nc2+ 31. Kd2 Nb4
32. a3 Nd5 33. g4 Nf6 34. Ne3 d5 35. h3 a5 36. f4 a4 37. f5 g5 38. Ng2 d4
39. Ne1 c4 40. Nc2 Kc5 41. Nb4 Ne4+ 42. Kc2 d3+ 43. Kc1 Kd4 44. Nc6+ Ke3
45. Kd1 Nf2+ 46. Kc1 d2+ 47. Kc2 d1=Q+ 48. Kc3 Qb3# { White checkmated }
0-1

[Event "ICC tourney 2246 (120 10)"]
[Site "Internet Chess Club"]
[Date "2020.12.26"]
[Round "2"]
[White "kitook"]
[Black "lucasnc"]
[Result "1-0"]
[ICCResult "Black checkmated"]
[WhiteElo "426"]
[BlackElo "877"]
[Opening "Giuoco Piano"]
[ECO "C53"]
[NIC "IG.02"]
[Time "17:16:50"]
[PlyCount "69"]
[TimeControl "7200+10"]

1. e4 e5 2. Nf3 Nc6 3. Bc4 Bc5 4. c3 Bb6 5. d4 d6 6. O-O Bg4 7. Be3 Qf6 8.
d5 Na5 9. Nbd2 c6 10. Bxb6 axb6 11. b4 Nxc4 12. Nxc4 b5 13. Ncd2 Ne7 14.
dxc6 bxc6 15. h3 Bh5 16. Re1 O-O 17. Re3 Rfe8 18. Rd3 d5 19. Qb3 Rad8 20.
Re1 d4 21. Rd1 Qf4 22. g3 Qh6 23. Nf1 Bxf3 24. Rxf3 Qxh3 25. Qxf7+ Kh8 26.
cxd4 Qg4 27. dxe5 Rf8 28. Rxd8 Rxd8 29. Qxe7 Rg8 30. Rf8 Qg6 31. Nd2 h6 32.
Rxg8+ Kxg8 33. Qd7 Qg5 34. e6 Kf8 35. Qf7# { Black checkmated } 1-0